 Dungeon Crawl Stone Soup version 0.29.0-13-gc9e81de378 (webtiles) character file.

Game seed: 8514273741219879518

60 nickcage the Chiller (level 3, -10/19 HPs)
             Began as a Deep Elf Ice Elementalist on Sept 8, 2022.
             Killed by divine providence
             ... invoked by an orc priest
              (14 damage)
             ... on level 3 of the Dungeon.
             The game lasted 00:04:55 (2040 turns).

nickcage the Chiller (Deep Elf Ice Elementalist)    Turns: 2040, Time: 00:04:56

Health: -10/19     AC:  2    Str:  5    XL:     3   Next: 80%
Magic:  5/9        EV: 12    Int: 21    God:
Gold:   61         SH:  0    Dex: 15    Spells: 1/8 levels left

rFire   . . .      SeeInvis .   p - +0 dagger
rCold   . . .      Faith    .   (no shield)
rNeg    . . .      Spirit   .   a - +0 robe
rPois   .          Reflect  .   (no helmet)
rElec   .          Harm     .   (no cloak)
rCorr   .          Rampage  .   (no gloves)
Will    .....                   (no boots)
Stlth   ++........              (no amulet)
HPRegen 0.06/turn               (no ring)
MPRegen 0.11/turn               (no ring)

@: no status effects
A: no striking features
a: no special abilities


You were on level 3 of the Dungeon.
You visited 1 branch of the dungeon, and saw 3 of its levels.

You collected 61 gold pieces.

Inventory:

Hand Weapons
 e - a +0 hand axe
 i - a +0 whip
 p - a +0 dagger (weapon)
Armour
 a - a +0 robe (worn)
Scrolls
 c - a scroll of identify {unknown}
 f - a scroll of enchant armour {unknown}
 l - a scroll of blinking {unknown}
 n - a scroll of amnesia {unknown}
 o - a scroll of teleportation {unknown}
 q - a scroll of fog {unknown}
Potions
 b - a potion of magic
 d - a potion of invisibility {unknown}
 g - 2 potions of curing {unknown}
 h - a potion of brilliance {unknown}
 j - a potion of might {unknown}
 k - a potion of mutation {unknown}
 m - a potion of heal wounds {unknown}


   Skills:
 - Level 2.4 Dodging
 - Level 2.4 Stealth
 + Level 3.1 Spellcasting
 + Level 6.0 Ice Magic


You had one spell level left.
You knew the following spells:

 Your Spells              Type           Power      Damage    Failure   Level
a - Freeze                Ice            100%       1d11      1%          1
b - Frozen Ramparts       Ice            56%        1d9       3%          3
c - Ozocubu's Armour      Ice            28%        N/A       3%          3

Your spell library contained the following spells:

 Spells                   Type           Power      Damage    Failure   Level
 Necrotise                Necr           12%        1d4       13%         1
 Gell's Gravitas          Tloc           3%         N/A       36%         3
 Lesser Beckoning         Tloc           3%         N/A       36%         3
 Teleport Other           Tloc           3%         N/A       36%         3
 Vampiric Draining        Necr           3%         2d6       36%         3
 Hailstorm                Conj/Ice       15%        3d5       36%         4
 Agony                    Necr           3%         N/A       98%         5


Dungeon Overview and Level Annotations

Branches:
Dungeon (3/15)

Altars:


Message History

a +0 dagger; an orc corpse The giant cockroach closely misses you.
You freeze the giant cockroach!
You kill the giant cockroach!
An orc comes into view. It is wielding a +0 trident.
The orc shouts!
You hear a shout! x2
No target in view!
An orc comes into view. It is wielding a +0 dagger.
The orc shouts!
You freeze the orc!
You kill the orc!
An orc comes into view. It is wielding a +0 flail.
Your Ice Magic skill increases to level 6!
You freeze the orc.
The orc is lightly wounded.
The orc hits you with a +0 dagger.
You freeze the orc.
The orc is moderately wounded.
The orc hits you with a +0 dagger.
An orc priest comes into view. It is wielding a +0 hand axe.
You freeze the orc.
You kill the orc!
You freeze the orc.
The orc is lightly wounded.
The orc hits you with a +0 flail.
An orc comes into view.
It is wielding a +0 short sword of venom.
You are too injured to fight recklessly!
The orc attacks as you move away! The orc closely misses you.
The orc shouts!
The orc priest looks satisfied for a moment.
There is a stone staircase leading down here.
The orc attacks as you move away! The orc barely misses you.
The orc priest mumbles some strange prayers to Beogh against you.
Pain shoots through your body!
* * * LOW HITPOINT WARNING * * *
The orc attacks as you move away! The orc completely misses you.
The orc priest mumbles some strange prayers to Beogh against you.
Beogh smites you!
Ouch! That really hurt!
You die...

......... # .
#.........# .#
.. #.........#
##.#.#
#.........#
.....##
#.........#
##o......
#.........###.)#
#.............##
#.........o>.##
#.......@†####
#.#.#....#......
#)##.#.#####
#<.#.#.#
#..#.#.#
#..#.#..
#..#.### #..#.#
#..#


You could see an orc priest and an orc.

Vanquished Creatures
  2 dart slugs (D:1)
  3 orcs (D:3)
  3 ball pythons (D:1)
  4 endoplasms
  6 giant cockroaches
  5 goblins
  4 hobgoblins
  2 quokkas
  8 bats
  4 kobolds
  4 rats
45 creatures vanquished.

Notes
Turn   | Place    | Note
-------+----------+-------------------------------------------
     0 | D:1      | nickcage the Deep Elf Ice Elementalist began the quest for
                  | the Orb.
     0 | D:1      | Reached XP level 1. HP: 10/10 MP: 6/6
   126 | D:1      | Reached XP level 2. HP: 15/15 MP: 5/8
   186 | D:1      | Reached skill level 5 in Ice Magic
   736 | D:1      | Found a faded altar of an unknown god.
   736 | D:1      | Noticed a rust devil
  1397 | D:2      | Reached XP level 3. HP: 19/19 MP: 6/9
  1401 | D:2      | Learned a level 3 spell: Frozen Ramparts
  1405 | D:2      | Learned a level 3 spell: Ozocubu's Armour
  2032 | D:3      | Reached skill level 6 in Ice Magic
  2040 | D:3      | Killed from afar by an orc priest

Illustrated notes

Levels and vault maps discovered:
D:1:      lightli_arrival_noodles, layout_basic,
          dreamdust_ecumenical_altar_sealed_demon
D:2:      layout_rooms
D:3:      layout_basic, gammafunk_temple_overflow_statue, serial_shops, shop,
          serial_glass, glass_columns_a, glass_columns_a,
          hangedman_abyss_or_decor_stabs, minmay_ruptured, uniq_natasha

Skill      XL: |  1  2  3 |
---------------+----------+-----
Ice Magic      | 5 6 |  6.0
Dodging        | |  2.4
Stealth        | |  2.4
Spellcasting   | |  3.1

Action                   || total
-------------------------++-------
Melee: Hand axe          ||    18
       Whip              ||     3
       Dagger            ||     2
 Cast: Freeze            ||    62
 Stab: Sleeping          ||     3
Armor: Robe              ||    19
Dodge: Dodged            ||    45
